 Seeded DCSS version 0.31-a0-496-g6f97920a28 (webtiles) character file.

Game seed: 7415222406553760909 (custom seed)

67 innerfire43 the Changeling (level 4, -6/17 HPs)
             Began as a Felid Shapeshifter on Aug 8, 2023.
             Was a Follower of Uskayaw.
             Mangled by an ice beast (13 damage)
             ... on level 3 of the Dungeon.
             The game lasted 00:05:58 (2553 turns).

innerfire43 the Changeling (Felid Shapeshifter)     Turns: 2553, Time: 00:05:58

Health: -6/17      AC:  1    Str: 13    XL:     4   Next: 0%
Magic:  5/5        EV: 22    Int:  9    God:    Uskayaw [*.....]
Gold:   175        SH:  0    Dex: 17    Spells: 3/3 levels left
                                        Lives:  0   Deaths: 1

rFire   . .          .
                       - Unarmed
rCold   . . .        (shield unavailable)
rNeg    . . .        (body armour unavailable)
rPois   .            (helmet unavailable)
rElec   .            (cloak unavailable)
rCorr   .            (gloves unavailable)
SInv    +            (boots unavailable)
Will    .....        (no amulet)
Stlth   +            d - ring of wizardry
HPRegen 0.22/turn    i - ring of wizardry
MPRegen 0.09/turn

%: wizardry (x2)
@: flux-form, glowing, quick
A: glow, contaminating, reduced hp, very small, claws 1, fangs 3, see invisible,
speed 1, shaggy fur 1, stealthy paws, no weapons or thrown items, no armour,
multi-lived
a: Begin Untransformation, Renounce Religion, Stomp


You were on level 3 of the Dungeon.
You worshipped Uskayaw.
Uskayaw was noncommittal.
You were something dangerously unstable.
You visited 1 branch of the dungeon, and saw 3 of its levels.

You collected 175 gold pieces.

Inventory:

Jewellery
 d - a ring of wizardry (left paw)
 f - a ring of positive energy
 i - a ring of wizardry (right paw)
 k - a ring of poison resistance
Talismans
 b - a beast talisman
 c - a flux talisman (active)
Scrolls
 g - a scroll of teleportation
 j - a scroll of poison
 l - a scroll of fog
 n - a scroll of noise
Potions
 a - a potion of mutation {unknown}
 o - a potion of enlightenment {unknown}
 q - a potion of brilliance {unknown}


   Skills:
 - Level 1.0 Fighting
 - Level 3.4 Dodging
 - Level 3.0 Unarmed Combat
 * Level 5.3 Shapeshifting


You had 3 spell levels left.
You didn't know any spells.
Your spell library was empty.

Dungeon Overview and Level Annotations

Branches:
Dungeon (3/15)

Altars:
Dithmenos
Nemelex Xobeh
Qazlal
Uskayaw
Yredelemnul
The Shining One

Shops:
D:1 ?

Annotations:
D:3 1 transporter


Innate Abilities, Weirdness & Mutations

You are something dangerously unstable.
You glow with magical radiation, making you easy to see and hit.
Foes you strike become dangerously contaminated with magical radiation.
Your maximum health is decreased, since you lack skill for your form.
You have sharp claws.
You have razor-sharp teeth.
You have supernaturally acute eyesight. (SInv)
You cover ground quickly. (Speed+)
You are covered in fur. (AC +1)
Your paws help you pounce on unaware monsters.
You are incapable of wielding weapons or throwing items.
You cannot wear armour.
You gain extra lives every three experience levels.


Message History

The bullfrog is almost dead.
The bullfrog closely misses you. The ice beast hits you.
The ice beast freezes you!
Ouch! That really hurt!
You die...
Your shape twists and changes as you die.
The shadow imp barely misses you.
You are now level 4!
You rejoin the land of the living...
Partly explored, unvisited transporter.
Partly explored, unvisited transporter.
There is an open door here.
The bullfrog seems to return to its normal shape.
There is a transporter here.
You enter the transporter and appear at another place.
The bullfrog completely misses you.
As you read the scroll of fog, it dissolves into smoke.
The bullfrog closely misses you. The iguana barely misses you.
You scratch the bullfrog.
The bullfrog begins to glow.
The bullfrog is severely wounded.
The bullfrog misses you. The endoplasm freezes you.
You are frozen.
The iguana closely misses you. The shadow imp barely misses you.
The ice beast hits you. The ice beast freezes you!
Ouch! That really hurt!
* * * LOW HITPOINT WARNING * * *
The bullfrog hits you.
* * * LOW HITPOINT WARNING * * *
You feel better. The bullfrog barely misses you.
The endoplasm closely misses you. The ice beast barely misses you.
The iguana bites you!
* * * LOW HITPOINT WARNING * * *
The shadow imp misses you.
It was a potion of heal wounds.
You feel much better. The bullfrog hits you. The endoplasm hits you.
The iguana misses you. The shadow imp completely misses you.
The ice beast hits you. The ice beast freezes you!
Ouch! That really hurt!
You die...

###### ##....####
#####...#....##
##.....§.......###
#######..#########.....#
#....##.##8§§§..8##....#
#....##.#..§5lF...#....#
#..>..#.#..§§BJ...#....# #####
#.......#...§§Y...#....# #...#
#.....#.#....§§..©#....# #...#
#.....#.#.........#....###...#
#.....#.#.........#....'.'....
###.....#..$?$)?..#....###...#
#...#.##8$___$8##....# #...#
#...#..#########.....# #...#
#...##.....©........(# #...#


You could see an ice beast, a bullfrog (contam), an iguana, a shadow imp and an
endoplasm.

Vanquished Creatures
  Robin (D:2)
  4 adders
  2 worms
  A dart slug (D:2)
  4 bats
  An endoplasm (D:2)
  2 giant cockroaches (D:2)
  16 goblins
  7 hobgoblins
  12 jackals
  7 quokkas
  5 ball pythons
  4 frilled lizards
  5 kobolds
  4 rats
75 creatures vanquished.

Notes
Turn   | Place    | Note
-------+----------+-------------------------------------------
     0 | D:1      | innerfire43 the Felid Shapeshifter began the quest for the
                  | Orb.
     0 | D:1      | Reached XP level 1. HP: 9/9 MP: 2/2
    95 | D:2      | Reached XP level 2. HP: 8/12 MP: 3/3
   247 | D:1      | Reached skill level 4 in Shapeshifting
   250 | D:1      | Reached XP level 3. HP: 13/15 MP: 4/4
   452 | D:1      | Found Onoqawk's Magic Scroll Emporium.
  1100 | D:2      | Noticed Robin
  1206 | D:2      | HP: 1/22 [goblin/+0 dagger[Robin] (1)]
  1212 | D:2      | Killed Robin
  1213 | D:2      | Reached XP level 4. HP: 6/19 MP: 5/5
  1449 | D:2      | Reached skill level 5 in Shapeshifting
  1662 | D:3      | Found a stormy altar of Qazlal.
  1662 | D:3      | Found a basalt altar of Yredelemnul.
  1663 | D:3      | Found a hide-covered altar of Uskayaw.
  1666 | D:3      | Noticed an ice beast
  1668 | D:3      | Found a transporter.
  1668 | D:3      | Noticed a bullfrog
  1696 | D:3      | Found a shadowy altar of Dithmenos.
  1760 | D:3      | Found a sparkling altar of Nemelex Xobeh.
  1915 | D:3      | Found a transporter.
  2100 | D:3      | Found a glowing golden altar of the Shining One.
  2299 | D:3      | Reached XP level 5. HP: 22/22 MP: 6/6
  2505 | D:3      | Became a worshipper of Uskayaw the Reveller
  2508 | D:3      | Reached * piety under Uskayaw
  2510 | D:3      | Slain by an ice beast
  2511 | D:3      | Reached XP level 4. HP: -1/17 MP: 5/5
  2553 | D:3      | Mangled by an ice beast

Illustrated notes

Levels and vault maps discovered:
D:1:      spicycebolla_green_bress_n_ham_2, layout_rooms, serial_shops, shop,
          minmay_misc_feat_hallway
D:2:      layout_basic, uniq_robin
D:3:      minmay_evil_eye, layout_basic,
          mainiacjoe_overflow_concentric_impassable, lemuel_tele_altar,
          gammafunk_temple_overflow_arena, nemelex_altar_shiori,
          kennysheep_generic_room_6

Skill      XL: |  1  2  3  4 |
---------------+-------------+-----
Dodging        | 3 |  3.4
Shapeshifting  | 4 5 |  5.3
Fighting       | |  1.0
Unarmed Combat | |  3.0

Action                     |  1- 3 |  4- 6 || total
---------------------------+-------+-------++-------
  Melee: Unarmed           |   105 |    73 ||   178
         Bite              |     9 |     6 ||    15
         Punch             |       |     1 ||     1
    Use: Potion            |     3 |     2 ||     5
         Scroll            |       |     8 ||     8
   Stab: Sleeping          |     1 |     1 ||     2
 Armour: Skin              |    31 |       ||    31
  Dodge: Dodged            |   135 |    75 ||   210
   Form: Flux              |       |     1 ||     1

Table legend: (Time is in decaauts)
 A = Elapsed time spent in this place.
 B = Non-inter-level travel time spent in this place.
 C = Inter-level travel time spent in this place.
 D = Time resting spent in this place.
 E = Time spent auto-exploring this place.
 F = Levels seen in this place.
 G = Mean time per level.
                   A        B        C        D        E       F      G
               +--------+--------+--------+--------+--------+-----+--------+
         Total |   2194 |   2052 |    142 |      0 |   1407 |   3 |  731.3 |
       Dungeon |   2194 |   2052 |    142 |      0 |   1407 |   3 |  731.3 |
               +--------+--------+--------+--------+--------+-----+--------+

Top non-repeatable levels by time:
     D:2: 841 daAuts
     D:3: 839 daAuts
     D:1: 513 daAuts
